 Dungeon Crawl Stone Soup version bcrawl-1.19.2-6-g6a88ae04c9 (webtiles) character file.

Game seed: 14746117017070734978

95 Folque011 the Gusty (level 4, 0/36 HPs)
             Began as a Djinni Air Elementalist on Dec 31, 2019.
             Slain by an orc priest
             ... wielding a +3 flail of protection
              (7 damage)
             ... on level 3 of the Dungeon.
             The game lasted 00:07:55 (1949 turns).

Folque011 the Gusty (Djinni Air Elementalist)       Turns: 1949, Time: 00:07:56

Health: 0/36       AC:  3    Str: 10    XL:     4   Next: 39%
Magic:  1/10       EV: 12    Int: 19    God:
Gold:   168        SH:  0    Dex: 11    Spells: 5/11 levels left

rFire    . . .     SeeInvis .   h - +1 short sword
rCold    . . .     Gourm    .   (no shield)
rNeg     . . .     Faith    .   a - +0 robe
rPois    .         Spirit   .   (no helmet)
rElec    .         Reflect  .   (no cloak)
rCorr    .         Harm     .   f - +0 pair of gloves
MR       .....     Rnd*Rage +   (boots unavailable)
Stlth    ++........             (no amulet)
HPRegen  0.12/turn              (no ring)
MPRegen  0.12/turn              (no ring)

@: flying
A: never pass out, berserk 2, blink, blurry vision 2, wild magic 2, MP-powered
wands, floating
a: Blink


You were on level 3 of the Dungeon.
You were not hungry.

You visited 1 branch of the dungeon, and saw 3 of its levels.

You collected 168 gold pieces.

Inventory:

Hand Weapons
 h - a +1 short sword (weapon)
Missiles
 g - 176 poisoned needles
Armour
 a - a +0 robe (worn)
 f - a +0 pair of gloves (worn)
 n - a +0 pair of gloves
Wands
 b - a wand of paralysis (11)
Scrolls
 k - a scroll of remove curse {unknown}
 o - 2 scrolls of amnesia {unknown}
Potions
 c - a potion of flight
 i - 2 potions of brilliance {unknown}
 j - a potion of resistance {unknown}
 m - a potion of mutation {unknown}
Comestibles
 d - 7 rations {!d}
 l - 8 chunks of flesh


   Skills:
 + Level 1.9 Fighting
 - Level 2.0 Dodging
 - Level 1.5 Stealth
 - Level 4.0 Spellcasting
 * Level 2.6 Conjurations
 + Level 4.4 Air Magic


You had 5 spell levels left.
You knew the following spells:

 Your Spells              Type           Power        Failure   Level  Hunger
a - Shock                 Conj/Air       ####.        9%          1    None
b - Swiftness             Chrm/Air       ###.....     19%         2    ##.....
c - Static Discharge      Air            ####....     16%         3    ###....

Your spell library contained the following spells:

 Spells                   Type           Power        Failure   Level  Hunger
 Airstrike                Air            ####......   38%         4    ####...
 Lightning Bolt           Conj/Air       ####......   80%         5    ######.


Dungeon Overview and Level Annotations

Branches:
Dungeon (3/12)

Altars:


Innate Abilities, Weirdness & Mutations

You never pass out after going berserk.
You often lose your temper in combat.
You can translocate small distances at will.
Scrolls take you longer to read.
Your spells are harder to cast, but more powerful.
You expend magic power (3 MP) to strengthen your wands.
Your body floats in the air.


Message History

Evoke which item? (* to show all) (? for menu, Esc to quit)
Aiming: Paralyse
Press: ? - help, Shift-Dir - straight line You feel a slight surge of power.
The orc priest resists with some effort.
You hit the orc priest.
The orc priest is moderately wounded.
The orc priest hits you but does no damage.
You barely miss the orc priest.
The orc priest is moderately wounded.
The orc priest calls down the wrath of Beogh upon you.
Beogh smites you!
* * * LOW HITPOINT WARNING * * *
You completely miss the orc priest.
The orc priest is moderately wounded.
The orc priest misses you.
You barely miss the orc priest.
The orc priest is moderately wounded.
The orc priest hits you with a +3 flail of protection!
You die...

.## .. .# ###? ...#...###
..#...... ....#...##
#....o)####...
#....@........
#.......####.. .
#.......# #...##.......#
........).†#.####..#
#######.#.))#......#
#.####÷### # #.# #.#
#####.#######.####÷####.#


You could see an orc priest.

Vanquished Creatures
  An ooze (D:3)
  6 worms (D:2)
  2 dart slugs
  3 leopard geckos
  6 orcs (D:3)
  3 ball pythons
  A giant cockroach (D:2)
  5 goblins
  6 hobgoblins
  3 jackals (D:2)
  A quokka (D:2)
  A bat (D:2)
  7 frilled lizards
  11 kobolds
  3 rats
59 creatures vanquished.

Notes
Turn   | Place    | Note
-------+----------+-------------------------------------------
     0 | D:1      | Folque011 the Djinni Air Elementalist began the quest for
                  | the Orb.
     0 | D:1      | Reached XP level 1. HP: 14/14 MP: 4/4
   337 | D:1      | Reached XP level 2. HP: 21/22 MP: 0/6
   634 | D:1      | Reached skill level 1 in Fighting
   842 | D:2      | Learned a level 2 spell: Swiftness
   940 | D:2      | Reached XP level 3. HP: 28/28 MP: 5/8
  1164 | D:2      | Learned a level 3 spell: Static Discharge
  1670 | D:2      | Gained mutation: Your spells are harder to cast, but more
                  | powerful. [Djinni growth]
  1670 | D:2      | Gained mutation: You can translocate small distances at
                  | will. [Djinni growth]
  1670 | D:2      | Reached XP level 4. HP: 36/36 MP: 7/10
  1949 | D:3      | Slain by an orc priest

Skill      XL: |  1  2  3 |
---------------+----------+-----
Fighting       | 1 |  1.9
Spellcasting   | 4 |  4.0
Air Magic      | 4 |  4.4
Conjurations   | 2 |  2.6
Dodging        | |  2.0
Stealth        | |  1.5

Action                   |  1- 3 |  4- 6 || total
-------------------------+-------+-------++-------
Melee: Short sword       |    57 |    15 ||    72
       Mace              |     1 |       ||     1
 Cast: Shock             |    58 |     6 ||    64
       Static Discharge  |     1 |     5 ||     6
       Swiftness         |     1 |       ||     1
Evoke: Wand              |       |     1 ||     1
  Use: Scroll            |     2 |       ||     2
 Stab: Sleeping          |     3 |       ||     3
  Eat: Chunk             |     2 |     2 ||     4
Armor: Robe              |    15 |     3 ||    18
Dodge: Dodged            |    42 |    10 ||    52
